 Dungeon Crawl Stone Soup version 0.30.1-11-g7821555f0a (webtiles) character file.

Game seed: 15182845116280070157

10075 Draugr the Nimble (level 11, -3/84 HPs)
             Began as a Djinni Fire Elementalist on Nov 6, 2023.
             Was a Believer of Makhleb.
             Slain by a two-headed ogre
             ... wielding a +0 giant club
              (22 damage)
             ... on level 11 of the Dungeon on Jan 4, 2024.
             The game lasted 00:48:20 (11488 turns).

Draugr the Nimble (Djinni Fire Elementalist)       Turns: 11488, Time: 00:48:21

Health: -3/84      AC:  2    Str:  7    XL:     11   Next: 86%
Gold:   748        EV: 18    Int: 24    God:    Makhleb [**....] SH:  5 Dex: 17

rFire   + + .        h - +1 dagger (flame)
rCold   x . .        (no shield)
rNeg    . . .        a - +0 robe
rPois   ∞            (no helmet)
rElec   .            (no cloak)
rCorr   .            (no gloves)
SInv    .            (boots unavailable)
Will    +....        e - amulet "Faylexan" {Reflect Int+3 Dex+3 SH+5}
Stlth   ++++         b - ring of wizardry
HPRegen 0.34/turn    I - ring of wizardry
MPRegen 0.00/turn

%: reflection, wizardry (x2), infuse magic (-4 HP)
@: flying
A: sickness immunity, fire resistance 2, cold vulnerability 1, float, innate
caster, HP casting, extra vitality 1
a: Renounce Religion, Minor Destruction


You were on level 11 of the Dungeon.
You worshipped Makhleb.
Makhleb was pleased with you.
You visited 2 branches of the dungeon, and saw 12 of its levels.
You also visited: Sewer.

You collected 855 gold pieces.
You spent 107 gold pieces at shops.

Inventory:

Hand Weapons
 h - a +1 dagger of flaming (weapon)
 C - a +1 dagger
 J - a +0 dagger of protection
 M - a +1 dagger of venom
Missiles
 u - a throwing net
Armour
 a - a +0 robe (worn)
Jewellery
 b - a ring of wizardry (left hand)
 e - the amulet "Faylexan" (around neck) {Reflect Int+3 Dex+3 SH+5}
   (You acquired it on level 3 of the Dungeon)

   [amulet of reflection]

   It reflects blocked missile attacks.
   Int:       It affects your intelligence (+3).
   Dex:       It affects your dexterity (+3).
   SH:        It affects your SH (+5).
 v - a ring of resist corrosion
 I - a ring of wizardry (right hand)
Wands
 t - a wand of paralysis (10)
 x - a wand of light (16)
 A - a wand of flame (46)
 E - a wand of digging (4)
 H - a wand of iceblast (2)
Scrolls
 f - 2 scrolls of fear
 k - a scroll of butterflies
 l - a scroll of fog
 s - 3 scrolls of magic mapping
 w - a scroll of poison
 y - 2 scrolls of enchant weapon
 D - a scroll of teleportation
 F - a scroll of vulnerability
 K - a scroll of silence {unknown}
 N - a scroll of blinking
 O - a scroll of torment {unknown}
Potions
 c - 8 potions of curing
 d - a potion of cancellation {unknown}
 g - 3 potions of invisibility
 i - 6 potions of mutation
 j - 4 potions of brilliance
 m - 2 potions of berserk rage {unknown}
 n - a potion of magic {unknown}
 o - 2 potions of ambrosia {unknown}
 p - a potion of heal wounds
 q - a potion of might {unknown}
 r - 2 potions of lignification {unknown}
 z - 2 potions of haste {unknown}
 B - a potion of resistance {unknown}
 G - a potion of flight {unknown}


   Skills:
 - Level 9.0 Fighting
 + Level 1.5 Short Blades
 - Level 11.1 Dodging
 - Level 6.8 Stealth
 - Level 6.2 Spellcasting
 - Level 5.2 Evocations


You knew the following spells:

 Your Spells              Type           Power      Damage    Failure   Level
a - Foxfire               Conj/Fire      100%       2x1d9     1%          1
b - Scorch                Fire           74%        2d8       1%          2
c - Volatile Blastmotes   Fire/Tloc      74%        2d16      1%          3
d - Inner Flame           Hex/Fire       37%        N/A       1%          3
e - Flame Wave            Conj/Fire      37%        2d10      1%          4
f - Shock                 Conj/Air       100%       1d9       1%          1
g - Momentum Strike       Conj/Tloc      74%        3d10      1%          2
h - Dazzling Flash        Conj/Hex       74%        N/A       1%          3
i - Fulminant Prism       Conj/Hex       18%        3d11      1%          4
j - Olgreb's Toxic Radia  Pois           37%        N/A       1%          4
Your spell library was empty.

Dungeon Overview and Level Annotations

Branches:
Dungeon (11/15)            Temple (1/1) D:4            Lair (0/5) D:10
    Orc (0/2) D:10          Sewer (visited)

Altars:
Ashenzari
Dithmenos
Elyvilon
Gozag
Hepliaklqana
Makhleb
Nemelex Xobeh
Okawaru
Ru
Trog
Uskayaw
Wu Jian
Yredelemnul

Shops:
D:5 *(:![(   D:7 =!   D:8 !

Annotations:
D:2 1 runed translucent door, Crazy Yiuf
D:7 2 runed translucent doors


Innate Abilities, Weirdness & Mutations

You are immune to sickness and miasma.
You are immune to poison.
Your flesh is very heat resistant. (rF++)
You are vulnerable to cold. (rC-)
You float through the air rather than walking.
You learn spells naturally, not from books.
Your magical power is your life essence.
You have superior vitality. (+4 MHP)


Message History

Casting: Dazzling Flash (safe; 1% risk of failure)
Press: ? - help, Dir - look around, f - activate
Casting: Dazzling Flash (safe; 1% risk of failure)
Confirm with . or Enter, or press ? or * to list all spells.
Casting: Dazzling Flash (safe; 1% risk of failure)
Press: ? - help, Dir - look around, f - activate The two-headed ogre is dazzled.
The two-headed ogre hits you with a +0 giant club!!
You block the two-headed ogre's attack.
Casting: Dazzling Flash (safe; 1% risk of failure)
Confirm with . or Enter, or press ? or * to list all spells.
Casting: Flame Wave (dangerous; 1% risk of failure)
Press: ? - help, Dir - look around, f - activate A wave of flame ripples out! (Press . to intensify the flame waves.)
Your magical contamination has completely faded away.
A wave of flame ripples out!
The flame wave engulfs the two-headed ogre!
The two-headed ogre is heavily wounded.
The two-headed ogre is no longer blind.
The two-headed ogre hits you with a +0 giant club!
The two-headed ogre closely misses you.
A wave of flame ripples out!
The flame wave engulfs the two-headed ogre.
The two-headed ogre is severely wounded.
You finish channelling waves of flame.
The two-headed ogre misses you.
The two-headed ogre hits you with a +0 giant club!!
* * * LOW HITPOINT WARNING * * *
Okay, then.
You feel much better.
Casting: Flame Wave (dangerous; 1% risk of failure)
Confirm with . or Enter, or press ? or * to list all spells.
Casting: Dazzling Flash (safe; 1% risk of failure)
Press: ? - help, Dir - look around, f - activate The two-headed ogre closely misses you.
The two-headed ogre hits you with a +0 giant club!
* * * LOW HITPOINT WARNING * * *
You block the two-headed ogre's attack.
The two-headed ogre hits you with a +0 giant club!!
You die...

############
#..........#
#.##..####.#
#.#.O...##.####
#.#@..#...§...#
#####.....####.##.#
#........#####.##.#
#.######.......##.#
#.## ##########O#
#..# ####### #.#
##.# #.....# #.#
#.# #..#..# #.# #.#
#.###.# #..


You could see a two-headed ogre.

Vanquished Creatures
  3 two-headed ogres
  Pikel (D:4)
  An orc knight (D:10)
  2 centaur zombies (D:10)
  3 unseen horror zombies (D:10)
  2 shadows (D:10)
  A vampire (D:10)
  2 wraiths (D:10)
  Eustachio (D:4)
  2 steam dragons
  8 vampire mosquitoes (D:10)
  Duvessa (D:4)
  2 water moccasins
  3 orc warriors (D:10)
  A black bear (D:6)
  2 ogres
  2 centaurs
  2 phantoms
  3 lemures (D:4)
  2 kobold brigands
  Blork the orc (D:4)
  3 bullfrogs
  A gnoll sergeant (D:10)
  3 scorpions
  11 wights
  Dowan (D:4)
  5 killer bees (D:9)
  8 howler monkeys
  A jelly (D:7)
  4 hounds
  3 orc priests
  4 iguanas
  7 orc wizards
  A hell rat (Sewer)
  13 gnolls
  A river rat (Sewer)
  8 adders
  A shadow imp (D:6)
  A white imp (D:5)
  An ufetubus (D:5)
  A worm (D:3)
  2 dart slugs
  23 orcs
  10 ball pythons
  4 bats
  11 endoplasms
  9 giant cockroaches
  36 goblins
  30 hobgoblins
  9 jackals
  11 kobolds
  5 quokkas
  3 frilled lizards
  15 rats
291 creatures vanquished.

Vanquished Creatures (others)
  491 foxfires
491 creatures vanquished.

Grand Total: 782 creatures vanquished

Notes
Turn   | Place    | Note
-------+----------+-------------------------------------------
     0 | D:1      | Draugr the Djinni Fire Elementalist began the quest for the
                  | Orb.
     0 | D:1      | Draugr set off with the following spells memorised:
                  | Foxfire, Scorch, Volatile Blastmotes, Inner Flame, Flame
                  | Wave.
     0 | D:1      | Reached XP level 1. HP: 15/15 MP: 0/0
    58 | D:1      | Reached skill level 1 in Fighting
    94 | D:1      | Reached XP level 2. HP: 21/22 MP: 0/0
   253 | D:1      | Reached XP level 3. HP: 26/27 MP: 0/0
   253 | D:1      | Learned a level 1 spell: Shock
  1160 | D:2      | Reached XP level 4. HP: 27/32 MP: 0/0
  1281 | D:2      | Found a faded altar of an unknown god.
  1508 | D:2      | Reached skill level 3 in Dodging
  1541 | D:2      | Found a runed translucent door.
  1542 | D:2      | Noticed Crazy Yiuf
  1855 | D:3      | Identified a scroll of acquirement
  1857 | D:3      | Acquired the amulet "Faylexan" {Reflect Int+3 Dex+3 SH+5}
  1876 | D:3      | Found a basalt altar of Yredelemnul.
  1877 | D:3      | Found a shadowy altar of Dithmenos.
  1878 | D:3      | Found an opulent altar of Gozag.
  1878 | D:3      | Found a sparkling altar of Nemelex Xobeh.
  1878 | D:3      | Found a broken altar of Ashenzari.
  1894 | D:3      | Reached skill level 1 in Short Blades
  1908 | D:3      | Found a glowing drain.
  1937 | Sewer    | Entered a sewer
  2055 | Sewer    | Reached XP level 5. HP: 35/39 MP: 0/0
  2055 | Sewer    | Learned a level 2 spell: Momentum Strike
  2339 | D:3      | Identified the +1 spear "Watitreps" {chaos, *Slow rF+ rCorr
                  | Int+6}
  2705 | D:3      | Reached XP level 6. HP: 25/47 MP: 0/0
  3643 | D:3      | Reached XP level 7. HP: 47/53 MP: 0/0
  3643 | D:3      | Learned a level 3 spell: Dazzling Flash
  3916 | D:4      | Noticed Eustachio
  3927 | D:4      | Killed Eustachio
  3928 | D:4      | Reached skill level 5 in Dodging
  4116 | D:4      | Noticed Pikel
  4261 | D:4      | Noticed Blork the orc
  4268 | D:4      | Killed Blork the orc
  4523 | D:4      | Noticed Duvessa
  4557 | D:4      | Noticed Dowan
  4566 | D:4      | Killed Duvessa
  4567 | D:4      | Reached XP level 8. HP: 33/58 MP: 0/0
  4569 | D:4      | Found a staircase to the Ecumenical Temple.
  4575 | Temple   | Entered the Ecumenical Temple
  4678 | Temple   | Became a worshipper of Makhleb the Destroyer
  4726 | D:4      | Killed Dowan
  4857 | D:4      | HP: 2/58 [Pikel/+2 whip of freezing (9)]
  5132 | D:4      | Killed Pikel
  5265 | D:4      | Reached skill level 5 in Fighting
  5350 | D:4      | Reached XP level 9. HP: 57/65 MP: 0/0
  5350 | D:4      | Learned a level 4 spell: Fulminant Prism
  5402 | D:5      | Entered Level 5 of the Dungeon
  5402 | D:5      | Found Repp's Weapon Shoppe.
  5424 | D:5      | Found Pum Veme's Antique Armour Boutique.
  5510 | D:5      | Found Utyniq's Distillery.
  5585 | D:5      | Bought a potion of degeneration for 13 gold pieces
  5590 | D:5      | Bought a potion of curing for 39 gold pieces
  5636 | D:5      | Identified the +2 ring mail "Anuint" {Rampage rCorr Int+2}
  5683 | D:5      | Found Fes Keki's Weapon Shop.
  5741 | D:5      | Found Gitittett's Serpentskin Sales.
  5754 | D:5      | Reached * piety under Makhleb
  5888 | D:5      | Found Cihofane's Book Shoppe.
  6122 | D:5      | Found a hazy altar of Hepliaklqana.
  6210 | D:5      | Found an iron altar of Okawaru.
  7022 | D:7      | Found Caejij's Distillery.
  7028 | D:7      | Bought a potion of heal wounds for 55 gold pieces
  7068 | D:7      | Reached skill level 1 in Evocations
  7186 | D:7      | Found a large runed translucent door.
  7188 | D:7      | Found a large runed translucent door.
  7250 | D:7      | Found Aptamoaq's Jewellery Shop.
  7398 | D:7      | Reached XP level 10. HP: 75/78 MP: 0/0
  7923 | D:8      | Reached skill level 5 in Evocations
  8496 | D:8      | Found Coice Diem's Distillery.
  8589 | D:9      | Reached skill level 6 in Dodging
  8609 | D:9      | Noticed a two-headed ogre
  8622 | D:9      | Killed a two-headed ogre
  8623 | D:9      | Reached skill level 7 in Dodging
  8719 | D:9      | Reached ** piety under Makhleb
  8723 | D:9      | Noticed a two-headed ogre
  8743 | D:9      | Killed a two-headed ogre
  8744 | D:9      | Reached skill level 8 in Dodging
  8827 | D:9      | Found an ornate altar of the Wu Jian Council.
  9052 | D:9      | Reached skill level 9 in Dodging
  9151 | D:10     | Entered Level 10 of the Dungeon
  9251 | D:10     | Found a staircase to the Orcish Mines.
  9260 | D:10     | Reached XP level 11. HP: 57/84 MP: 0/0
  9260 | D:10     | Learned a level 4 spell: Olgreb's Toxic Radiance
  9414 | D:10     | Reached skill level 10 in Dodging
  9699 | D:10     | Reached skill level 11 in Dodging
 10382 | D:10     | Found a staircase to the Lair.
 10398 | D:10     | Reached skill level 5 in Stealth
 10485 | D:10     | Noticed a two-headed ogre
 10496 | D:10     | Killed a two-headed ogre
 10677 | D:10     | Found a runed translucent door.
 10881 | D:10     | Noticed an orc knight
 10907 | D:10     | Killed an orc knight
 11466 | D:11     | Noticed a two-headed ogre
 11488 | D:11     | Slain by a two-headed ogre

Illustrated notes

Levels and vault maps discovered:
D:1:      psy_arrival_terrarium, layout_rooms, minmay_tall_x
D:2:      layout_loops_corners, ebering_ecumenical_altar_rust,
          kennysheep_flooded_box, uniq_crazy_yiuf_cottage
D:3:      minmay_goblin_kobold_castle, layout_basic, grunt_temple_overflow_open,
          portal_sewer_entry_f, serial_corexii_hall, corexii_hall_statues_i,
          chequers_hall_statues_y
D:4:      layout_basic, minmay_temple_entry_fiery, kennysheep_generic_room_13,
          uniq_blork_the_orc, uniq_eustachio, uniq_pikel, uniq_duvessa
D:5:      layout_rooms, worldfamousw_hep_ancestral_shrine, lemuel_round_altar,
          serial_shops, nicolae_shop_back_alley_shop,
          nicolae_shop_advertising_works [nicolae_subvault_shop_adworks],
          nicolae_shop_peninsula, shop, nicolae_lakefront_shop, minivault_19,
          guppyfry_shop_venom
D:6:      layout_rooms
D:7:      layout_loops_ring, jmf_multi_god_temple2, serial_shops, shop,
          nicolae_take_the_stairs
D:8:      layout_loops_ring, serial_shops, shop
D:9:      layout_basic, lemuel_tele_altar
D:10:     lemuel_flame_loot_2, layout_long_grid, orc_0_dummy, serial_undead,
          serial_undead_e, serial_undead_b, serial_undead_f, serial_undead_d,
          lightli_church_of_beogh
D:11:     layout_loops_cross, kennysheep_minor_cross
Temple:   nicolae_temple_hex_pool

Skill      XL: |  1  2  3  4  5  6  7  8  9 10 11 |
---------------+----------------------------------+-----
Fighting       | 1 2 3 4 5 9 |  9.0
Spellcasting   | 3 4 6 |  6.2
Dodging        | 3 5 9 11 | 11.1
Short Blades   | 1 |  1.5
Evocations     | 2 5 |  5.2
Stealth        | 6 |  6.8

Action                     |  1- 3 |  4- 6 |  7- 9 | 10-12 || total
---------------------------+-------+-------+-------+-------++-------
  Melee: Unarmed           |     2 |       |       |       ||     2
         Dagger            |       |    11 |     9 |     2 ||    22
   Cast: Foxfire           |    62 |    86 |    62 |    80 ||   290
         Scorch            |     9 |    54 |    94 |    90 ||   247
         Shock             |     4 |     6 |     1 |     1 ||    12
         Volatile Blastmot |       |     2 |     2 |    21 ||    25
         Flame Wave        |       |     1 |     9 |    17 ||    27
         Dazzling Flash    |       |       |     1 |     3 ||     4
    Use: Scroll            |       |     8 |     7 |     4 ||    19
         Potion            |       |     1 |       |     2 ||     3
   Stab: Sleeping          |       |     2 |     1 |       ||     3
 Armour: Robe              |     2 |     8 |     2 |     3 ||    15
  Dodge: Dodged            |    13 |    43 |    37 |    74 ||   167
  Block: Other             |       |    12 |    10 |    34 ||    56
         Reflection        |       |     5 |     1 |     1 ||     7
